 Dungeon Crawl Stone Soup version 0.29-a0-1009-g60c99734e7 (webtiles) character file.

Game seed: 7025433521599577344

8989 flotson the Trooper (level 11, -23/86 HPs)
             Began as a Demonspawn Delver on Aug 8, 2022.
             Was an Initiate of Gozag.
             Annihilated by a catoblepas (33 damage)
             ... on level 9 of the Dungeon.
             The game lasted 00:17:40 (12555 turns).

flotson the Trooper (Demonspawn Delver)            Turns: 12555, Time: 00:17:41

Health: -23/86     AC: 11    Str: 20    XL:     11   Next: 17%
Magic:  0/11       EV: 16    Int: 12    God:    Gozag
Gold:   550        SH:  0    Dex: 22    Spells: 10/10 levels left

rFire   + . .      SeeInvis .   a - +1 broad axe (flame)
rCold   . . .      Faith    .   (no shield)
rNeg    . . .      Spirit   +   N - +1 ring mail of the Tick {rF+ Str+3 Dex+4}
rPois   .          Reflect  .   (helmet restricted)
rElec   .          Harm     +   E - scarf {harm}
rCorr   .          Rampage  .   (no gloves)
Will    +....                   (no boots)
Stlth   +++++.....              (no amulet)
HPRegen 0.24/turn               K - +4 ring of protection
MPRegen 0.24/turn               p - ring of willpower

@: about to teleport
A: horns 2, thin skeletal structure 2, spiny 1, magic shield, magic regeneration
a: Renounce Religion, Potion Petition, Call Merchant, Bribe Branch


You were on level 9 of the Dungeon.
You worshipped Gozag.
Gozag was pleased with you.
You visited 2 branches of the dungeon, and saw 10 of its levels.

You collected 883 gold pieces.
You spent 195 gold pieces at shops.
You paid 138 gold pieces to Gozag.

Inventory:

Hand Weapons
 a - a +1 broad axe of flaming (weapon)
Missiles
 s - 5 boomerangs
 y - 5 javelins (quivered)
 L - 13 poisoned darts
Armour
 E - a scarf of harm (worn)
 N - the +1 ring mail of the Tick (worn) {rF+ Str+3 Dex+4}
   (You found it on level 8 of the Dungeon)

   Str:       It affects your strength (+3).
   Dex:       It affects your dexterity (+4).
   rF:        It protects you from fire.
Jewellery
 e - a ring of flight
 p - a ring of willpower (right hand)
 I - a +4 ring of evasion
 K - a +4 ring of protection (left hand)
Wands
 g - a wand of digging (2)
 t - a wand of polymorph (11)
 H - a wand of paralysis (12)
Scrolls
 c - 2 scrolls of fog
 d - 2 scrolls of magic mapping
 f - a scroll of identify
 i - a scroll of silence {unknown}
 k - 2 scrolls of vulnerability {unknown}
 q - 10 scrolls of teleportation
 r - a scroll of acquirement {unknown}
 v - a scroll of enchant weapon {unknown}
 w - a scroll of summoning {unknown}
 x - 2 scrolls of noise {unknown}
 z - a scroll of poison {unknown}
 A - 2 scrolls of brand weapon {unknown}
 B - a scroll of enchant armour {unknown}
 J - a scroll of torment {unknown}
Potions
 b - 2 potions of haste
 h - a potion of mutation
 j - a potion of curing
 l - a potion of might {unknown}
 m - 2 potions of magic
 n - 3 potions of heal wounds
 o - 2 potions of invisibility {unknown}
 u - a potion of ambrosia {unknown}
 C - a potion of lignification {unknown}
 D - 2 potions of flight
 G - a potion of berserk rage {unknown}
 M - 2 potions of attraction {unknown}
 O - 2 potions of cancellation {unknown}
Miscellaneous
 P - a condenser vane


   Skills:
 + Level 7.8 Fighting
 * Level 4.5(5.7) Axes
 - Level 4.8(5.6) Maces & Flails
 - Level 1.7(3.4) Polearms
 + Level 6.1 Throwing
 + Level 6.4 Armour
 + Level 6.8 Dodging
 - Level 4.5 Stealth
 + Level 7.0 Evocations


You had 10 spell levels left.
You didn't know any spells.
Your spell library contained the following spells:

 Spells                   Type           Power      Damage    Failure   Level
 Poisonous Vapours        Pois/Air       0%         N/A       61%         2
 Sublimation of Blood     Necr           0%         N/A       61%         2
 Confusing Touch          Hex            0%         N/A       83%         3
 Petrify                  Tmut/Erth      0%         N/A       99%         4
 Irradiate                Conj/Tmut      0%         3d11      100%        5
 Yara's Violent Unravell  Hex/Tmut       0%         3d3       100%        5
 Dispersal                Tloc           0%         N/A       100%        6
 Enfeeble                 Hex            0%         N/A       100%        7
 Disjunction              Tloc           0%         N/A       100%        8
 Corpse Rot               Necr/Pois/Air  Unusable   N/A       N/A         4

Dungeon Overview and Level Annotations

Branches:
Dungeon (9/15)             Temple (1/1) D:6            Lair (0/5) D:8
    Orc: D:9-12

Altars:
Ashenzari
Cheibriados
Dithmenos
Fedhas
Gozag
Hepliaklqana
Kikubaaqudgha
Makhleb
Nemelex Xobeh
Okawaru
Qazlal
Ru
Sif Muna
Trog
Uskayaw
Vehumet
Wu Jian
Xom
Yredelemnul

Shops:
D:2 (


Innate Abilities, Weirdness & Mutations

You have a pair of horns on your head.
You have a moderately thin skeletal structure. (Dex +4, Stealth++)
You are partially covered in sharp spines.
When hurt, damage is shared between your health and your magic reserves.
You regenerate magic rapidly.


Message History

The catoblepas gores you!!
The catoblepas gores you but does no damage.
You slash the catoblepas! You burn the catoblepas. You headbutt the catoblepas.
The catoblepas is heavily wounded.
The catoblepas breathes a plume of calcifying dust at you.
The blast of calcifying dust hits you. The catoblepas gores you!!
You hit the catoblepas but do no damage.
You headbutt the catoblepas.
The catoblepas is heavily wounded.
The catoblepas closely misses you.
You hit the catoblepas but do no damage.
The catoblepas is heavily wounded.
The catoblepas is struck by your spines.
The catoblepas completely misses you.
You hit the catoblepas. You burn the catoblepas.
The catoblepas is heavily wounded.
The catoblepas gores you. The catoblepas gores you!
* * * LOW HITPOINT WARNING * * *
As you read the scroll of fear, it crumbles to dust.
You assume a fearsome visage.
The catoblepas resists with almost no effort.
The catoblepas breathes a plume of calcifying dust at you.
The blast of calcifying dust hits you.
* * * LOW HITPOINT WARNING * * *
There is an open door here.
You feel much better. The catoblepas gores you!!
* * * LOW HITPOINT WARNING * * *
You feel much better. The catoblepas completely misses you.
As you read the scroll of teleportation, it crumbles to dust.
You feel strangely unstable.
The catoblepas is struck by your spines.
The catoblepas gores you!
* * * LOW HITPOINT WARNING * * *
You feel much better. The catoblepas gores you!!
* * * LOW HITPOINT WARNING * * *
The catoblepas attacks as you move away!
The catoblepas gores you!!
You die...
Your body crumbles into a pile of gold.

#...##..###################......
#.............#...#...#...#......
#.............#.).'...'.(.'......
#.............#...#..)#...###....
#.............##)###'###'## #....
#.............#...#)..#.(.# #....
#.............#...#.(.#...###....
#.............#...#)..#...#......
#.............##@#######+##......
#.............#.Y§# ##.....
#...###.......#...+ #..... #...#
#..######...# ##..... #...###..#
##############......
#........#####...................
#................................
#................................
#................####............


You could see a catoblepas.

Vanquished Creatures
  3 centaur warriors (D:9)
  3 cyclopes (D:9)
  A manticore (D:9)
  14 yaks
  Eustachio (D:6)
  A steam dragon (D:8)
  2 water moccasins
  Duvessa (D:6)
  2 ice beasts
  4 orc warriors
  A sky beast (D:7)
  A black bear (D:6)
  3 ogres
  A phantom (D:7)
  2 centaurs
  5 bullfrogs
  2 kobold brigands
  2 necrophages
  4 scorpions
  5 wights (D:7)
  Dowan (D:6)
  6 killer bees (D:6)
  3 orc priests
  5 hounds
  5 iguanas
  2 orc wizards
  4 gnolls (D:8)
  10 adders
  A shadow imp (D:6)
  A worm (D:2)
  6 dart slugs
  22 orcs
  5 ball pythons
  8 endoplasms
  3 giant cockroaches
  8 hobgoblins
  10 kobolds
  A quokka (D:1)
  7 bats
  A frilled lizard (D:1)
  5 goblins
  5 rats
177 creatures vanquished.

Vanquished Creatures (others)
  2 plants (D:5)
2 creatures vanquished.

Grand Total: 179 creatures vanquished

Notes
Turn   | Place    | Note
-------+----------+-------------------------------------------
     0 | D:5      | flotson the Demonspawn Delver began the quest for the Orb.
     0 | D:5      | Reached XP level 1. HP: 18/18 MP: 1/1
     2 | D:5      | Found an ancient bone altar of Kikubaaqudgha.
    33 | D:6      | Noticed a necrophage
   124 | D:5      | Noticed a hound
   130 | D:5      | Killed a hound
   131 | D:5      | Reached skill level 1 in Armour
   131 | D:5      | Reached skill level 1 in Evocations
   131 | D:5      | Gained mutation: You have a pair of small horns on your
                  | head. [demonic ancestry]
   131 | D:5      | Reached XP level 2. HP: 21/24 MP: 2/2
   137 | D:5      | Noticed a scorpion
   253 | D:4      | Gained mutation: You regenerate magic rapidly. [demonic
                  | ancestry]
   253 | D:4      | Reached XP level 3. HP: 15/29 MP: 3/3
   868 | D:2      | Found Guitz's Antique Weapon Boutique.
  1325 | D:1      | Found a faded altar of an unknown god.
  1784 | D:2      | Reached XP level 4. HP: 35/35 MP: 4/4
  2542 | D:3      | Gained mutation: You have a pair of horns on your head.
                  | [demonic ancestry]
  2542 | D:3      | Reached XP level 5. HP: 16/42 MP: 5/5
  3070 | D:3      | Found a hazy altar of Hepliaklqana.
  3524 | D:4      | Reached skill level 1 in Throwing
  3909 | D:5      | Noticed an ogre
  3909 | D:5      | Noticed an ice beast
  3910 | D:5      | Noticed an ogre
  3938 | D:4      | Gained mutation: You are partially covered in sharp spines.
                  | [demonic ancestry]
  3938 | D:4      | Reached XP level 6. HP: 13/48 MP: 6/6
  4439 | D:5      | Reached skill level 1 in Maces & Flails
  4675 | D:2      | Bought a steaming whip for 195 gold pieces
  4675 | D:2      | Identified the +4 whip "Ylugunae" {vorpal, Str+7 Int-5
                  | Dex+2 Stlth+} (You bought it in a shop on level 2 of the
                  | Dungeon)
  4847 | D:4      | Killed an ice beast
  5071 | D:4      | Reached XP level 7. HP: 55/55 MP: 7/7
  6495 | D:5      | Found a sparkling altar of Nemelex Xobeh.
  6497 | D:5      | Found a burning altar of Makhleb.
  6498 | D:5      | Found an ancient bone altar of Kikubaaqudgha.
  6846 | D:6      | Found a staircase to the Ecumenical Temple.
  6857 | Temple   | Entered the Ecumenical Temple
  7432 | D:6      | Reached skill level 5 in Fighting
  7432 | D:6      | Gained mutation: You have a somewhat thin skeletal
                  | structure. (Dex +2, Stealth+) [demonic ancestry]
  7432 | D:6      | Reached XP level 8. HP: 62/62 MP: 8/8
  7556 | D:6      | Noticed Eustachio
  7575 | D:6      | Killed Eustachio
  7855 | D:6      | Noticed Duvessa
  7856 | D:6      | Noticed Dowan
  7869 | D:6      | Killed Duvessa
  7873 | D:6      | Killed Dowan
  8413 | D:7      | Reached XP level 9. HP: 63/69 MP: 9/9
  8530 | D:7      | Reached skill level 5 in Dodging
  8618 | D:7      | Reached skill level 5 in Evocations
  9570 | D:8      | Reached skill level 5 in Armour
  9768 | D:8      | Found a staircase to the Lair.
  9816 | D:8      | Identified the +1 ring mail of the Tick {rF+ Str+3 Dex+4}
  9855 | D:8      | Reached skill level 5 in Throwing
  9855 | D:8      | Gained mutation: When hurt, damage is shared between your
                  | health and your magic reserves. [demonic ancestry]
  9855 | D:8      | Reached XP level 10. HP: 46/77 MP: 10/10
 10238 | Temple   | Became a worshipper of Gozag Ym Sagoz the Greedy
 10599 | D:8      | Reached skill level 1 in Axes
 10912 | D:8      | Found a sacrificial altar of Ru.
 11380 | D:9      | Noticed a centaur warrior
 11393 | D:9      | Killed a centaur warrior
 11890 | D:9      | Noticed a cyclops
 11896 | D:9      | Killed a cyclops
 11900 | D:9      | Noticed a cyclops
 11905 | D:9      | Killed a cyclops
 11910 | D:9      | Noticed a centaur warrior
 11915 | D:9      | Killed a centaur warrior
 12121 | D:9      | Noticed a cyclops
 12123 | D:9      | Noticed a manticore
 12127 | D:9      | Killed a cyclops
 12128 | D:9      | Gained mutation: You have a moderately thin skeletal
                  | structure. (Dex +4, Stealth++) [demonic ancestry]
 12128 | D:9      | Reached XP level 11. HP: 49/84 MP: 8/11
 12274 | D:9      | Noticed a centaur warrior
 12280 | D:9      | Killed a centaur warrior
 12539 | D:9      | Noticed a catoblepas
 12555 | D:9      | Annihilated by a catoblepas

Illustrated notes

Levels and vault maps discovered:
D:1:      lightli_molten_gateway, layout_loops_ring, basic_ecumenical_altar,
          fountainhead
D:2:      layout_loops_ring, serial_shops, nicolae_shop_hallway_stairs,
          kennysheep_flooded_box, serial_bayou_pond_a, minmay_misc_feat_pillars,
          dk_noncrumbling_3, kennysheep_nub, hex_tiny
D:3:      layout_rooms, nzn_hepliaklqana_mist_gate, serial_glass,
          glass_columns_a, glass_columns_b, st_stairs_10, minmay_checkerbox
D:4:      layout_loops_ring
D:5:      layout_cave_pools, nicolae_overflow_hidden_temple,
          serial_bayou_lagoon_a
D:6:      layout_basic, minmay_temple_entry_butterflies, uniq_eustachio,
          uniq_duvessa
D:7:      layout_loops_corners
D:8:      layout_loops_ring, mainiacjoe_overflow_alcove_1, lair_entry_dummy
D:9:      layout_small_grid, minmay_evil_grid
Temple:   nicolae_temple_bog_church

Skill      XL: |  1  2  3  4  5  6  7  8  9 10 11 |
---------------+----------------------------------+-----
Armour         | 1 2 3 4 5 6 |  6.4
Dodging        | 2 3 4 5 6 |  6.8
Evocations     | 1 2 3 4 5 6 7 |  7.0
Throwing       | 1 2 4 5 6 |  6.1
Fighting       | 4 5 6 7 |  7.8
Maces & Flails | 1 2 3 4 |  4.8
Axes           | 4 |  4.5
Polearms       | |  1.7
Stealth        | |  4.5

Action                   |  1- 3 |  4- 6 |  7- 9 | 10-12 || total
-------------------------+-------+-------+-------+-------++-------
Melee: Spear             |   104 |   132 |       |       ||   236
       Headbutt          |    13 |    30 |    51 |    27 ||   121
       Punch             |     3 |     1 |     6 |     1 ||    11
       Whip              |       |    63 |   186 |     9 ||   258
       War axe           |       |    11 |       |       ||    11
       Broad axe         |       |       |       |    81 ||    81
Throw: Javelin           |       |     6 |     6 |       ||    12
Evoke: Wand              |     1 |       |       |     1 ||     2
  Use: Potion            |     1 |     3 |     1 |     3 ||     8
       Scroll            |     1 |     2 |       |     8 ||    11
 Stab: Sleeping          |     8 |     1 |     7 |     4 ||    20
       Paralysed         |       |       |       |     3 ||     3
Armor: Leather armour    |     3 |       |       |       ||     3
       Scale mail        |    17 |   129 |    27 |       ||   173
       Ring mail         |       |       |     2 |    31 ||    33
Dodge: Dodged            |    33 |   115 |    76 |    76 ||   300

Table legend: (Time is in decaauts)
 A = Elapsed time spent in this place.
 B = Non-inter-level travel time spent in this place.
 C = Inter-level travel time spent in this place.
 D = Time resting spent in this place.
 E = Time spent auto-exploring this place.
 F = Levels seen in this place.
 G = Mean time per level.
                   A        B        C        D        E       F      G
               +--------+--------+--------+--------+--------+-----+--------+
         Total |  12579 |  11820 |    759 |    701 |   9495 |  10 | 1257.9 |
       Dungeon |  12371 |  11682 |    689 |    701 |   9371 |   9 | 1374.6 |
        Temple |    208 |    139 |     69 |      0 |    124 |   1 |  208.0 |
               +--------+--------+--------+--------+--------+-----+--------+

Top non-repeatable levels by time:
     D:4: 2037 daAuts
     D:6: 1566 daAuts
     D:5: 1559 daAuts
     D:9: 1475 daAuts
     D:8: 1388 daAuts
     D:3: 1258 daAuts
     D:7: 1202 daAuts
     D:2: 1034 daAuts
     D:1: 849 daAuts
  Temple: 208 daAuts
